 Dungeon Crawl Stone Soup version 0.27.1-3-gb3d3a73c9e (webtiles) character file.

Game seed: 10914534690526021910

448 Urokeeper the Skirmisher (level 7, -7/61 HPs)
             Began as a Hill Orc Fighter on Oct 19, 2021.
             Mangled by Edmund (11 damage)
             ... on level 4 of the Dungeon.
             The game lasted 00:07:07 (3432 turns).

Urokeeper the Skirmisher (Hill Orc Fighter)         Turns: 3432, Time: 00:07:08

Health: -7/61      AC:  8    Str: 21      XL:     7   Next: 3%
Magic:  7/7        EV:  7    Int:  8      God:
Gold:   146        SH: 10    Dex:  8 (10) Spells: 6/6 levels left

rFire    . . .     SeeInvis .   a - +1 war axe
rCold    + . .     Faith    .   c - +1 kite shield
rNeg     . . .     Spirit   .   b - +0 scale mail
rPois    .         Reflect  .   (no helmet)
rElec    .         Harm     .   e - +0 cloak
rCorr    .         Rampage  .   (no gloves)
Will     .....                  (no boots)
Stlth    ..........             (no amulet)
HPRegen  0.20/turn              j - ring of protection from fire
MPRegen  0.10/turn              d - ring of ice

@: no status effects
A: no striking features
a: no special abilities


You were on level 4 of the Dungeon.
You visited 1 branch of the dungeon, and saw 4 of its levels.

You collected 146 gold pieces.

Inventory:

Hand Weapons
 a - a +1 war axe (weapon)
Armour
 b - a +0 scale mail (worn)
 c - a +1 kite shield (worn)
 e - a +0 cloak (worn)
Jewellery
 d - a ring of ice (right hand)
 j - a ring of protection from fire (left hand)
Scrolls
 f - a scroll of amnesia
 g - a scroll of immolation


   Skills:
 + Level 5.5 Fighting
 + Level 5.3 Axes
 + Level 5.0 Armour
 + Level 5.0 Shields


You had 6 spell levels left.
You didn't know any spells.
Your spell library contained the following spells:

 Spells                   Type           Power      Damage    Failure   Level
 Freeze                   Ice            0%         1d3       99%         1
 Frozen Ramparts          Ice            0%         1d2       100%        3
 Stone Arrow              Conj/Erth      0%         3d7       100%        3
 Animate Armour           Summ/Erth      0%         N/A       100%        4
 Hailstorm                Conj/Ice       0%         3d3       100%        4
 Lehudib's Crystal Spear  Conj/Erth      0%         10d2      100%        8


Dungeon Overview and Level Annotations

Branches:
Dungeon (4/15)
 Temple: D:4-7

Altars:
Qazlal

Shops:
D:4 [*

Annotations:
D:4 Edmund


Message History

Edmund hits you with a +4 flail of protection.
Edmund hits you with a +4 flail of protection!
Your shield prevents you from hitting Edmund.
Edmund hits you with a +4 flail of protection!
You hit Edmund but do no damage.
Edmund hits you with a +4 flail of protection. x2
You barely miss Edmund.
Edmund hits you with a +4 flail of protection.
You barely miss Edmund.
Edmund hits you with a +4 flail of protection.
* * * LOW HITPOINT WARNING * * *
Edmund says, "I'm quite good with sums, too."
Edmund hits you with a +4 flail of protection.
* * * LOW HITPOINT WARNING * * *
You hit Edmund.
Edmund is lightly wounded.
You block Edmund's attack.
You closely miss Edmund.
Edmund is lightly wounded.
You block Edmund's attack.
You hit Edmund.
Edmund is moderately wounded.
Edmund hits you but does no damage. You block Edmund's attack.
You slash Edmund!
Edmund is heavily wounded.
Edmund hits you with a +4 flail of protection!
* * * LOW HITPOINT WARNING * * *
You hit Edmund but do no damage.
Edmund is heavily wounded.
Edmund hits you with a +4 flail of protection.
* * * LOW HITPOINT WARNING * * *
Edmund hits you but does no damage.
You closely miss Edmund.
Edmund is heavily wounded.
Edmund says, "I might not be good at magic, but I can still kill you!"
You block Edmund's attack.
You hit Edmund.
Edmund is heavily wounded.
Edmund hits you with a +4 flail of protection!
You die...

####### ..@...#
## #####.# .#
#####.#######
.#
.............
.#
#####.#######
.# #.# .#
#.###########.#
#..........@@.#
###############


You could see Edmund.

Vanquished Creatures
  Sigmund (D:2)
  3 orc wizards (D:3)
  4 hound zombies (D:4)
  2 hound skeletons
  Robin (D:4)
  4 adder zombies (D:4)
  A worm (D:2)
  2 dart slugs
  18 orcs
  5 ball pythons
  3 bats
  6 endoplasms
  2 giant cockroaches
  12 goblins
  8 hobgoblins
  4 kobolds
  3 frilled lizards
  A jackal zombie (D:4)
  A quokka zombie (D:4)
  A rat (D:2)
82 creatures vanquished.

Vanquished Creatures (others)
  A demonic plant (D:3)
  3 withered plants (D:4)
4 creatures vanquished.

Grand Total: 86 creatures vanquished

Notes
Turn   | Place    | Note
-------+----------+-------------------------------------------
     0 | D:1      | Urokeeper the Hill Orc Fighter began the quest for the Orb.
     0 | D:1      | Reached XP level 1. HP: 19/19 MP: 1/1
   277 | D:1      | Reached XP level 2. HP: 27/27 MP: 2/2
   457 | D:2      | Noticed Sigmund
   467 | D:2      | Killed Sigmund
   468 | D:2      | Reached XP level 3. HP: 13/35 MP: 3/3
   468 | D:2      | Reached XP level 4. HP: 15/41 MP: 4/4
   468 | D:2      | Reached XP level 5. HP: 17/47 MP: 5/5
  1639 | D:3      | Reached skill level 5 in Fighting
  1639 | D:3      | Reached XP level 6. HP: 40/56 MP: 6/6
  1783 | D:3      | Found a faded altar of an unknown god.
  2562 | D:3      | Reached skill level 5 in Axes
  2892 | D:4      | Noticed Edmund
  2953 | D:4      | Found Zituqopn's Antique Armour Shop.
  2966 | D:4      | Found Caedgh's Assorted Antiques.
  3076 | D:4      | Noticed Robin
  3117 | D:4      | Reached skill level 5 in Shields
  3128 | D:4      | Killed Robin
  3129 | D:4      | Reached skill level 5 in Armour
  3323 | D:4      | Found a stormy altar of Qazlal.
  3341 | D:4      | Reached XP level 7. HP: 60/61 MP: 7/7
  3432 | D:4      | Mangled by Edmund

Illustrated notes

Levels and vault maps discovered:
D:1:      minmay_arrival_diagonal_passages, layout_basic
D:2:      minmay_chambers_of_ones, layout_basic, guppyfry_early_orc_mine,
          uniq_sigmund
D:3:      layout_basic, dreamdust_ecumenical_altar_sealed_demon
D:4:      layout_basic, mainiacjoe_overflow_alcove_1, serial_shops,
          nicolae_square_shop, nicolae_shop_statue_plus, serial_undead,
          serial_undead_e, serial_undead_f, serial_undead_d, serial_undead_d,
          serial_undead_e, serial_undead_c, serial_undead_c, serial_undead_e,
          serial_undead_d, serial_undead_f, minmay_misc_feat_x, uniq_ijyb,
          uniq_grinder, uniq_edmund, uniq_robin

Skill      XL: |  1  2  3  4  5  6 |
---------------+-------------------+-----
Axes           | 4 5 |  5.3
Fighting       | 4 5 |  5.5
Armour         | 4 5 |  5.0
Shields        | 4 5 |  5.0

Action                   |  1- 3 |  4- 6 |  7- 9 || total
-------------------------+-------+-------+-------++-------
Melee: War axe           |    22 |   228 |    25 ||   275
  Use: Potion            |     1 |     2 |       ||     3
       Scroll            |       |     6 |     1 ||     7
Armor: Scale mail        |    10 |   119 |     6 ||   135
Dodge: Dodged            |     4 |    71 |     5 ||    80
Block: Kite shield       |    11 |   129 |    12 ||   152
